 Dungeon Sprint DCSS version 0.31-a0-1476-g8a4046af8c (webtiles) character file.

Game seed: 10490144544140675019

45 Groucho the Digger (level 3, 0/19 HPs)
             Began as a Deep Elf Earth Elementalist on Dec 28, 2023.
             Was a Believer of Sif Muna.
             Killed from afar by a white imp (8 damage)
             ... with a puff of frost
             ... in the Dungeon (Sprint VII: "The Pits").
             The game lasted 00:04:02 (694 turns).

Groucho the Digger (Deep Elf Earth Elementalist)     Turns: 694, Time: 00:04:03

Health: 0/19       AC:  2    Str:  5    XL:     3   Next: 42%
Magic:  8/11       EV: 12    Int: 21    God:    Sif Muna [**....]
Gold:   0          SH:  0    Dex: 15    Spells: 8/12 levels left

rFire   . . .        h - +2 dagger
rCold   . . .        (no shield)
rNeg    . . .        a - +0 robe
rPois   .            (no helmet)
rElec   .            (no cloak)
rCorr   .            (no gloves)
SInv    .            (no boots)
Will    .....        (no amulet)
Stlth   ++           (no ring)
HPRegen 0.23/turn    (no ring)
MPRegen 0.12/turn

%: no teleportation
@: no status effects
A: no striking features
a: Renounce Religion, Channel Magic


You were in the Dungeon.
You worshipped Sif Muna.
Sif Muna was pleased with you.
You visited 1 branch

Inventory:

Hand Weapons
 h - a +2 dagger (weapon)
 m - a +1 dagger of venom
Armour
 a - a +0 robe (worn)
Scrolls
 g - a scroll of blinking
 j - 2 scrolls of vulnerability
 k - 5 scrolls of amnesia
 l - a scroll of butterflies
Potions
 b - 5 potions of magic
 c - 6 potions of curing
 d - 6 potions of heal wounds
 e - a potion of haste
 f - 3 potions of berserk rage
 i - 2 potions of invisibility


   Skills:
 - Level 2.4 Dodging
 - Level 2.4 Stealth
 - Level 5.0 Spellcasting
 + Level 1.5 Conjurations
 + Level 7.2 Earth Magic
 - Level 1.1 Alchemy


You had 8 spell levels left.
You knew the following spells:

 Your Spells              Type           Power      Damage    Failure   Level
a - Sandblast             Erth           70%        2d15      1%          1
b - Stone Arrow           Conj/Erth      46%        3d9       5%          3

Your spell library contained the following spells:

 Spells                   Type           Power      Damage    Failure   Level
 Passwall                 Erth           35%        N/A       1%          3
 Brom's Barrelling Bould  Conj/Erth      23%        2d4       19%         4
 Petrify                  Alch/Erth      22%        N/A       19%         4


Dungeon Overview and Level Annotations

Branches:
Dungeon (1/1)

Altars:
Ashenzari
Cheibriados
Dithmenos
Elyvilon
Fedhas
Gozag
Hepliaklqana
Kikubaaqudgha
Makhleb
Nemelex Xobeh
Okawaru
Qazlal
Ru
Sif Muna
Trog
Uskayaw
Vehumet
Wu Jian
Xom
Yredelemnul
Zin
The Shining One
Jiyva
Lugonu


Message History

Unknown command.
What are your orders? t - Shout!
Orders for allies: a - Attack new target. r - Retreat! s - Stop attacking. g - Guard the area. f - Follow me.
Anything else - Cancel.
You shout for attention!
You hear a croak.
The white imp shouts!
A bullfrog comes into view.
The white imp grins evilly.
Casting: Sandblast (safe; 1% risk of failure)
Confirm with . or Enter, or press ? or * to list all spells.
Aiming: Sandblast (safe; 1% risk of failure)
Press: ? - help, Shift-Dir - straight line, f - bullfrog
Aim: a bullfrog (80% to hit)
The blast of sand hits the bullfrog!
The bullfrog is severely wounded.
The bullfrog barely misses you.
Unknown command.
Casting: Sandblast (safe; 1% risk of failure)
Confirm with . or Enter, or press ? or * to list all spells.
Aiming: Sandblast (safe; 1% risk of failure)
Press: ? - help, Shift-Dir - straight line, f/p - bullfrog
Aim: a bullfrog (severely wounded, 80% to hit)
The blast of sand misses the bullfrog.
The blast of sand hits the river rat!
You kill the river rat!
Sif Muna accepts your kill. The bullfrog misses you. The bullfrog hits you.
The bullfrog hits you!
Your Conjurations skill increases to level 1!
Casting: Sandblast (safe; 1% risk of failure)
Confirm with . or Enter, or press ? or * to list all spells.
Aiming: Sandblast (safe; 1% risk of failure)
Press: ? - help, Shift-Dir - straight line, f/p - bullfrog
Aim: a bullfrog (severely wounded, 80% to hit)
The blast of sand hits the bullfrog!!
You kill the bullfrog!
Sif Muna accepts your kill. The white imp gestures at you.
The puff of frost hits you!
You die...

##########'##.....
#..(.')))'.##.....
##########.##.....
#...........'.....
#'#####)#####.....
#.#...).#[[##.....
#.#.....#))#####'#
#.###รท###).##.....
#@#.....#))##.....
#.#..)..#..##.....
#.####'##'###...<.
#5#........##.....
#.#........##.....
#'###########.....
#.....r.# ######
#.###F..# #.# .#


You could see a white imp.

Vanquished Creatures
  A bullfrog (D)
  2 gnolls (D)
  2 river rats (D)
  An orc (D)
  A giant cockroach (D)
  A ball python skeleton (D)
  2 goblins (D)
  A rat (D)
11 creatures vanquished.

Notes
Turn   | Place    | Note
-------+----------+-------------------------------------------
     0 | D        | Groucho the Deep Elf Earth Elementalist began the quest for
                  | the Orb.
     0 | D        | Reached XP level 1. HP: 10/10 MP: 6/6
    37 | D        | Found a bloodstained altar of Trog.
    37 | D        | Found a shimmering blue altar of Sif Muna.
    37 | D        | Found a viscous altar of Jiyva.
    37 | D        | Found a hazy altar of Hepliaklqana.
    37 | D        | Found an opulent altar of Gozag.
    38 | D        | Found a glowing golden altar of the Shining One.
    38 | D        | Found a glowing silver altar of Zin.
    38 | D        | Found a basalt altar of Yredelemnul.
    38 | D        | Found a shimmering altar of Xom.
    38 | D        | Found an ornate altar of the Wu Jian Council.
    38 | D        | Found a sacrificial altar of Ru.
    38 | D        | Found a stormy altar of Qazlal.
    38 | D        | Found an iron altar of Okawaru.
    38 | D        | Found a sparkling altar of Nemelex Xobeh.
    38 | D        | Found a burning altar of Makhleb.
    38 | D        | Found a blossoming altar of Fedhas.
    38 | D        | Found a white marble altar of Elyvilon.
    38 | D        | Found a shadowy altar of Dithmenos.
    38 | D        | Found a snail-covered altar of Cheibriados.
    40 | D        | Found a radiant altar of Vehumet.
    40 | D        | Found a corrupted altar of Lugonu.
    41 | D        | Found a hide-covered altar of Uskayaw.
    41 | D        | Found an ancient bone altar of Kikubaaqudgha.
    41 | D        | Found a broken altar of Ashenzari.
    45 | D        | Became a worshipper of Sif Muna the Loreminder
    58 | D        | Reached skill level 5 in Earth Magic
    58 | D        | Reached XP level 2. HP: 12/15 MP: 2/9
   284 | D        | Reached * piety under Sif Muna
   285 | D        | Reached skill level 5 in Spellcasting
   305 | D        | Reached skill level 6 in Earth Magic
   436 | D        | Reached ** piety under Sif Muna
   634 | D        | Reached skill level 7 in Earth Magic
   634 | D        | Reached XP level 3. HP: 19/19 MP: 8/11
   682 | D        | Learned a level 3 spell: Stone Arrow
   686 | D        | Noticed a bullfrog
   694 | D        | Reached skill level 1 in Conjurations
   694 | D        | Killed a bullfrog
   694 | D        | Killed from afar by a white imp

Illustrated notes

Levels and vault maps discovered:
D:        pitsprint [storerooms_1, entrance_room_1, metal_vault_5, armoury_1,
          mini_pit_1, grid_room_1, main_hall_1, silver_pit, the_coven_1,
          the_vestibule_1, steel_vault_3, golden_pit, hallway_of_sentries,
          crystal_vault_5, iron_vault_1, final_vault]

Skill      XL: |  1  2  3 |
---------------+----------+-----
Spellcasting   | 4 5 |  5.0
Earth Magic    | 5 7 |  7.2
Conjurations   | 1 |  1.5
Dodging        | |  2.4
Stealth        | |  2.4
Alchemy        | |  1.1

Action                     || total
---------------------------++-------
   Cast: Sandblast         ||    17
 Armour: Robe              ||     4
  Dodge: Dodged            ||     7

Table legend: (Time is in decaauts)
 A = Elapsed time spent in this place.
 B = Non-inter-level travel time spent in this place.
 C = Inter-level travel time spent in this place.
 D = Time resting spent in this place.
 E = Time spent auto-exploring this place.
 F = Levels seen in this place.
 G = Mean time per level.
                   A        B        C        D        E       F      G
               +--------+--------+--------+--------+--------+-----+--------+
         Total |    701 |    683 |     18 |    540 |      0 |   1 |  701.0 |
       Dungeon |    701 |    683 |     18 |    540 |      0 |   1 |  701.0 |
               +--------+--------+--------+--------+--------+-----+--------+

Top non-repeatable levels by time:
       D: 701 daAuts
